 Dungeon Crawl Stone Soup version 0.25.1-2-g60ff931df9 (webtiles) character file.

Game seed: 14165535658136992951

142363 Peloso the Peltast (level 16, -7/149 HPs)
             Began as a Minotaur Fighter on Aug 19, 2020.
             Was the Champion of Okawaru.
             Killed by the raging water
             ... invoked by a water nymph
              (21 damage)
             ... on level 3 of the Shoals.
             The game lasted 01:28:38 (31409 turns).

Peloso the Peltast (Minotaur Fighter)              Turns: 31409, Time: 01:28:39

Health: -7/149     AC: 33    Str: 34    XL:     16   Next: 80%
Magic:  16/16      EV: 14    Int:  5    God:    Okawaru [******]
Gold:   2141       SH: 19    Dex: 23    Spells: 15/15 levels left

rFire    + . .     SeeInvis +   b - +12 scimitar "Qioral" {flame, Str+7}
rCold    . . .     Gourm    .   c - +1 kite shield {reflect}
rNeg     . . .     Faith    .   x - +9 plate armour of Duck's Teeth {*Drain Dex+9}
rPois    .         Spirit   .   K - +1 hat {MR+}
rElec    .         Reflect  +   g - +0 cloak
rCorr    .         Harm     .   d - +2 pair of gloves {Str+3}
MR       ++...                  u - +0 pair of boots {Stlth+}
Stlth    ..........             G - amulet of regeneration
HPRegen  0.74/turn              r - ring of protection from fire
MPRegen  0.15/turn              p - ring of see invisible

@: very slow
A: retaliatory headbutt, horns 2
a: Heroism, Finesse, Renounce Religion


You were on level 3 of the Shoals.
You worshipped Okawaru.
Okawaru was exalted by your worship.
You were not hungry.

You visited 5 branches of the dungeon, and saw 27 of its levels.
You also visited: Ice Cave.

You collected 2769 gold pieces.
You spent 628 gold pieces at shops.

Inventory:

Hand Weapons
 a - the +8 autumn katana {vorpal, Clar}
   (You found it on level 2 of the Lair of Beasts)

   It inflicts extra damage upon your enemies.
   It protects you against confusion.
 b - the +12 scimitar "Qioral" (weapon) {flame, Str+7}
   (You found it on level 6 of the Lair of Beasts)

   It has been specially enchanted to burn those struck by it, causing extra
   injury to most foes and up to half again as much damage against particularly
   susceptible opponents.
   Big, fiery blades are also staple armaments of hydra-hunters.
   It affects your strength (+7).
 k - a +0 double sword
 l - a +1 spear of flaming
 w - a +2 demon blade of electrocution
 C - the +10 hand crossbow of Okawaru {venom, Str+3 Int+6}
   (Okawaru gifted it to you on level 3 of the Shoals)

   It poisons the ammo it fires.
   It affects your strength (+3).
   It affects your intelligence (+6).
Missiles
 m - 281 bolts
Armour
 c - a +1 kite shield of reflection (worn)
 d - a +2 pair of gloves of strength (worn)
 g - a +0 cloak (worn)
 n - a +3 chain mail of magic resistance
 u - a +0 pair of boots of stealth (worn)
 v - a +2 hat
 x - the +9 plate armour of Duck's Teeth (worn) {*Drain Dex+9}
   (Okawaru gifted it to you on level 13 of the Dungeon)

   It affects your dexterity (+9).
   It causes draining when unequipped.
 K - a +1 hat of magic resistance (worn)
Jewellery
 p - a ring of see invisible (right hand)
 r - a ring of protection from fire (left hand)
 E - an uncursed ring of stealth
 G - an amulet of regeneration (around neck)
 M - a cursed ring of attention {unknown}
 Y - an uncursed ring of protection from fire
Wands
 B - a wand of random effects (44)
 D - a wand of polymorph (12)
 U - a wand of digging (12)
Scrolls
 i - a scroll of teleportation
 j - 5 scrolls of immolation
 o - 6 scrolls of identify
 y - 5 scrolls of blinking
 F - a scroll of noise
 H - 9 scrolls of remove curse
 L - 2 scrolls of enchant armour
 N - a scroll of enchant weapon
 O - a scroll of fear
Potions
 e - 4 potions of might
 h - 2 potions of resistance
 t - 2 potions of mutation
 z - 5 potions of flight
 A - 6 potions of haste
 I - 2 potions of cancellation
 J - a potion of berserk rage
 S - 2 potions of stabbing
Comestibles
 f - 47 rations
 s - 4 chunks of flesh


   Skills:
 + Level 15.4 Fighting
   Level 3.4(11.5) Short Blades
 + Level 17.6(17.7) Long Blades
 + Level 2.1 Polearms
 + Level 14.5 Armour
 + Level 7.1 Dodging
 + Level 2.5 Stealth
 + Level 20.2 Shields
 + Level 1.8 Invocations
 + Level 1.2 Evocations


You had 15 spell levels left.
You didn't know any spells.
Your spell library contained the following spells:

 Spells                   Type           Power        Failure   Level  Hunger
 Animate Skeleton         Necr           N/A          94%         1    ##.....
 Apportation              Tloc           #.....       94%         1    ##.....
 Corona                   Hex            #......      94%         1    ##.....
 Pain                     Necr           #...         94%         1    ##.....
 Sting                    Tmut/Pois      #...         94%         1    ##.....
 Summon Butterflies       Summ           #.......     94%         1    ##.....
 Summon Small Mammal      Summ           #...         94%         1    ##.....
 Call Imp                 Summ           #.......     98%         2    ###....
 Ensorcelled Hibernation  Hex/Ice        #.....       98%         2    ###....
 Poisonous Vapours        Pois/Air       #.....       98%         2    ###....
 Call Canine Familiar     Summ           #.......     100%        3    ####...
 Confusing Touch          Hex            #.......     100%        3    ####...
 Dazzling Flash           Conj/Hex       #.....       100%        3    ####...
 Gell's Gravitas          Tloc           #.........   100%        3    ####...
 Ignite Poison            Fire/Tmut/Pois #.......     100%        3    ####...
 Lesser Beckoning         Tloc           #.........   100%        3    ####...
 Mephitic Cloud           Conj/Pois/Air  #.......     100%        3    ####...
 Summon Guardian Golem    Hex/Summ       #.......     100%        3    ####...
 Tukima's Dance           Hex            #.......     100%        3    ####...
 Vampiric Draining        Necr           #.........   100%        3    ####...
 Animate Dead             Necr           N/A          100%        4    #####..
 Ice Form                 Ice/Tmut       #.......     100%        4    #####..
 Olgreb's Toxic Radiance  Pois           #.......     100%        4    #####..
 Petrify                  Tmut/Erth      #.......     100%        4    #####..
 Summon Ice Beast         Ice/Summ       #.......     100%        4    #####..
 Summon Lightning Spire   Summ/Air       #.......     100%        4    #####..
 Agony                    Necr           #.......     100%        5    ######.
 Alistair's Intoxication  Tmut/Pois      #.......     100%        5    ######.
 Fireball                 Conj/Fire      #.........   100%        5    ######.
 Irradiate                Conj/Tmut      #.........   100%        5    ######.
 Metabolic Englaciation   Hex/Ice        #.........   100%        5    ######.
 Yara's Violent Unravell  Hex/Tmut       #.........   100%        5    ######.
 Freezing Cloud           Conj/Ice/Air   #.........   100%        6    #######
 Hydra Form               Tmut           #.........   100%        6    #######
 Invisibility             Hex            #.......     100%        6    #######
 Ozocubu's Refrigeration  Ice            #.........   100%        6    #######
 Simulacrum               Ice/Necr       #.........   100%        6    #######
 Starburst                Conj/Fire      #.........   100%        6    #######
 Statue Form              Tmut/Erth      #........    100%        6    #######
 Dragon Form              Tmut           #.........   100%        7    #######
 Ring of Flames           Chrm/Fire      #.........   100%        7    #######
 Ignition                 Fire           #.........   100%        8    #######


Dungeon Overview and Level Annotations

Branches:
Dungeon (15/15)            Temple (1/1) D:4            Lair (6/6) D:9
 Shoals (3/4) Lair:3        Snake (0/4) Lair:2        Slime (0/5) Lair:5
    Orc (2/2) D:11            Elf (0/3) Orc:2        Vaults (0/5) D:14
 Depths (0/5) D:15          IceCv (visited)

Altars:
Ashenzari
Cheibriados
Dithmenos
Elyvilon
Fedhas
Gozag
Hepliaklqana
Kikubaaqudgha
Makhleb
Nemelex Xobeh
Okawaru
Qazlal
Ru
Sif Muna
Trog
Uskayaw
Vehumet
Wu Jian
Xom
Yredelemnul
Zin
Beogh
Jiyva

Shops:
D:10 [*%?   D:11 (   Orc:1 *   Orc:2 ([*:

Portals:
Trove: D:11 (give +4 shadow dragon scales)

Annotations:
Shoals:3 3 runed translucent doors, Angmar's ghost, adept DrTm; Cedruin's ghost, adept DrAr; Iqoyno's ghost, adept GrFi; KappaVara's ghost, adept DsFi; fearitself's ghost, adept MiBe


Innate Abilities, Weirdness & Mutations

You reflexively headbutt those who attack you in melee.
You have a pair of horns on your head.


Message History

The merfolk javelineer looks frightened!
The merfolk looks frightened! x2; The merfolk impaler looks frightened!
The merfolk looks frightened! x4; The merfolk siren looks frightened!
The water nymph resists with some effort.
The merfolk siren stops singing.
You are no longer entranced.
You feel sick.
The water nymph points at you and mumbles some strange words.
The water swirls and strikes you.
You feel sick.
You kill the merfolk!
Okawaru accepts your kill.
You hear a splash.
The water nymph casts a spell at you. The water swirls and strikes you!
* * * LOW HITPOINT WARNING * * *
You feel better.
The water nymph points at you and mumbles some strange words.
The water swirls and strikes you!!
You die...

...#.≈≈...≈.# #.≈≈≈
≈....≈≈≈≈≈≈.# #.≈≈≈
≈....≈≈≈≈≈≈.# #.≈≈≈
..≈≈≈≈≈≈≈≈≈.##############.≈≈.
..≈≈.≈≈≈≈≈≈P...((.........P≈≈≈
..≈≈≈.≈≈≈≈≈≈≈≈≈≈≈≈≈≈≈≈≈≈≈≈≈≈≈≈
.≈≈≈≈≈≈≈≈≈≈≈(≈≈≈≈≈≈≈≈≈≈≈≈≈≈≈≈
.≈≈≈≈≈≈≈≈≈≈≈≈≈≈≈≈≈≈≈k≈≈≈≈≈≈≈
≈≈≈m≈≈≈≈≈@≈≈.≈≈≈≈≈≈≈≈≈≈≈≈≈
.≈≈≈≈≈m(###..≈≈≈≈≈≈≈≈≈≈≈≈≈
≈≈≈≈≈(≈.# #...≈≈≈≈≈≈≈≈≈≈≈≈
≈≈≈≈)≈. ..≈≈≈≈≈≈≈≈≈.###.
≈m≈≈mm. ≈≈≈≈.≈≈≈≈≈.# ≈≈≈≈≈≈≈
≈≈≈≈≈≈≈≈≈≈.. ≈≈≈≈≈≈≈
≈≈≈≈≈≈≈≈≈≈.## ≈≈≈≈≈≈≈


You could see a merfolk impaler (fleeing), a merfolk (fleeing) and a water nymph
(very poisoned).

Vanquished Creatures
  Nikola (Shoals:1)
  Rupert (D:15)
  3 krakens
  Ilsuiw (Shoals:1)
  A frost giant (D:15)
  2 orc warlords (Orc:1)
  A reaper (IceCv)
  Nessos (Lair:6)
  Erolcha (D:9)
  Harold (D:7)
  A merfolk impaler (Shoals:2)
  4 hydras
  A rakshasa (D:13)
  A vault guard (D:14)
  A catoblepas (D:13)
  4 merfolk avatars
  3 two-headed ogres
  3 centaur warriors
  4 merfolk aquamancers (Shoals:3)
  A tengu warrior (D:14)
  The ghost of infcreate the Fighter, a novice HuBe of Trog (D:8)
  A satyr (Shoals:2)
  6 orc high priests
  Nergalle (Orc:1)
  An unseen horror (D:13)
  14 sea snakes
  3 harpies (Shoals:3)
  5 orc knights
  4 oklob plants (Lair:3)
  4 cyclopes
  3 orc sorcerers (Orc:2)
  18 ugly things
  12 slime creatures
  9 manticores
  6 fauns
  3 water nymphs (Shoals:3)
  2 ice statues (IceCv)
  3 elephants (Lair:3)
  6 black mambas
  7 merfolk sirens
  A gargoyle (D:14)
  4 spiny frogs
  6 rime drakes
  8 komodo dragons
  2 yaktaurs
  10 ice devils (IceCv)
  2 kobold demonologists (D:12)
  3 meliai (Lair:6)
  5 polar bears
  A queen bee (Lair:6)
  10 merfolk
  A merfolk (shapeshifter) (D:13)
  A jumping spider (shapeshifter) (D:13)
  4 wind drakes
  A harpy skeleton (D:15)
  11 trolls
  9 hornets
  6 hippogriffs
  14 dream sheep
  16 blink frogs
  Prince Ribbit (D:8)
  5 snapping turtles
  A shadow (D:14)
  66 yaks
  14 spriggans (Lair:6)
  5 wyverns
  5 water elementals
  3 wraiths
  Eustachio (D:4)
  A steam dragon (D:7)
  8 vampire mosquitoes
  A basilisk (Lair:6)
  2 hungry ghosts
  A soldier ant (D:12)
  2 insubstantial wisps (D:7)
  12 wargs
  Edmund (D:4)
  An acid dragon (D:14)
  20 water moccasins
  12 porcupines
  35 orc warriors
  An ice beast (D:14)
  6 black bears
  An eye of draining (D:12)
  3 sky beasts (D:7)
  3 necrophages
  2 phantoms (D:14)
  A hornet zombie (D:8)
  12 ogres
  8 boggarts
  44 wolves
  12 crocodiles
  10 centaurs
  3 big kobolds
  2 wyvern zombies
  15 bullfrogs
  A gnoll sergeant (D:6)
  A wyvern skeleton (D:9)
  7 scorpions
  36 killer bees
  6 wights
  3 howler monkeys
  7 crimson imps
  A centaur zombie (D:4)
  2 quasits
  9 jellies
  7 hounds
  Crazy Yiuf (D:3)
  2 gnoll shamans (D:10)
  21 orc priests
  2 bullfrog skeletons
  32 orc wizards
  5 centaur skeletons
  6 iguanas
  Natasha (thrice) (D:4)
  2 hell rats (Lair:3)
  10 worker ants
  A killer bee zombie (D:7)
  A hound zombie (D:11)
  3 worker ant zombies
  10 gnolls
  13 adders
  11 river rats (Lair:3)
  6 shadow imps
  8 white imps (IceCv)
  3 ufetubi (IceCv)
  4 adder skeletons
  A worm (D:2)
  6 leopard geckos
  91 orcs
  6 ball pythons
  4 bats
  7 giant cockroaches
  12 goblins
  4 hobgoblins
  19 jackals
  11 kobolds
  3 quokkas
  3 frilled lizards
  6 rats
  A fungus (D:9)
  4 plants
  6 tentacles
988 creatures vanquished.

Vanquished Creatures (others)
  A merfolk javelineer (Shoals:2)
  A merfolk siren (Shoals:2)
  4 white imps (IceCv)
  5 ufetubi (IceCv)
  5 plants
  15 tentacles
31 creatures vanquished.

Grand Total: 1019 creatures vanquished

Notes
Turn   | Place    | Note
-------+----------+-------------------------------------------
     0 | D:1      | Peloso the Minotaur Fighter began the quest for the Orb.
     0 | D:1      | Reached XP level 1. HP: 19/19 MP: 0/0
   223 | D:1      | Reached skill level 4 in Shields
   449 | D:1      | Reached XP level 2. HP: 27/27 MP: 1/1
   950 | D:2      | Reached skill level 1 in Short Blades
   950 | D:2      | Reached XP level 3. HP: 19/33 MP: 2/2
  1288 | D:2      | Reached XP level 4. HP: 34/40 MP: 3/3
  2162 | D:3      | Found a runed translucent door.
  2163 | D:3      | Noticed Crazy Yiuf
  2283 | D:3      | Reached skill level 1 in Dodging
  2786 | D:3      | Killed Crazy Yiuf
  2786 | D:3      | Reached XP level 5. HP: 3/46 MP: 4/4
  3073 | D:4      | Found a burning altar of Makhleb.
  3073 | D:4      | Noticed Eustachio
  3083 | D:4      | Found a staircase to the Ecumenical Temple.
  3096 | D:4      | Found a sacrificial altar of Ru.
  3318 | Temple   | Entered the Ecumenical Temple
  3435 | Temple   | Became a worshipper of Warmaster Okawaru
  3459 | D:4      | Noticed Edmund
  3465 | D:4      | Reached skill level 5 in Armour
  3476 | D:4      | Killed Edmund
  3476 | D:4      | Reached skill level 5 in Shields
  3476 | D:4      | Reached XP level 6. HP: 53/53 MP: 5/5
  3645 | D:4      | Noticed Natasha
  3650 | D:4      | Killed Natasha
  3675 | D:4      | Got a dazzling spear
  3676 | D:4      | Identified the cursed +1 spear of Wyrd {protect, rF+} (You
                  | found it on level 4 of the Dungeon)
  3744 | D:4      | Reached * piety under Okawaru
  3903 | D:4      | Noticed Natasha
  3905 | D:4      | Killed Natasha
  4091 | D:4      | Noticed Natasha
  4100 | D:4      | Killed Natasha
  4180 | D:4      | Found a white marble altar of Elyvilon.
  4302 | D:4      | Reached skill level 6 in Shields
  4302 | D:4      | Reached XP level 7. HP: 58/60 MP: 6/6
  4444 | D:5      | Entered Level 5 of the Dungeon
  4686 | D:5      | Reached skill level 1 in Stealth
  4706 | D:5      | Reached skill level 5 in Fighting
  4761 | D:5      | Reached ** piety under Okawaru
  5650 | D:6      | Reached skill level 7 in Shields
  5650 | D:6      | Reached XP level 8. HP: 64/68 MP: 7/7
  6355 | D:7      | Reached skill level 5 in Long Blades
  6530 | D:7      | Noticed Harold
  6537 | D:7      | Noticed a troll
  6551 | D:7      | Killed Harold
  6551 | D:7      | Reached *** piety under Okawaru
  6551 | D:7      | Reached XP level 9. HP: 57/74 MP: 8/8
  6554 | D:7      | Killed a troll
  6554 | D:7      | Reached **** piety under Okawaru
  6554 | D:7      | Reached skill level 8 in Shields
  7162 | D:7      | Received a gift from Okawaru
  7398 | D:7      | Reached skill level 9 in Shields
  7721 | D:4      | Found a shimmering blue altar of Sif Muna.
  7764 | D:4      | Killed Eustachio
  7954 | D:8      | Found a runed translucent gate.
  7955 | D:8      | Found a runed translucent gate.
  7957 | D:8      | Found a runed translucent gate.
  7959 | D:8      | Noticed infcreate's ghost (novice HuBe)
  7998 | D:8      | Found a viscous altar of Jiyva.
  8085 | D:8      | Noticed Prince Ribbit
  8119 | D:8      | Reached XP level 10. HP: 67/83 MP: 6/9
  8126 | D:8      | Reached ***** piety under Okawaru
  8217 | D:8      | Killed Prince Ribbit
  8757 | D:9      | Reached skill level 10 in Shields
  8771 | D:9      | Reached skill level 10 in Long Blades
  8805 | D:9      | Found a staircase to the Lair.
  9495 | D:9      | Noticed Erolcha
  9507 | D:9      | Killed Erolcha
  9507 | D:9      | Reached skill level 11 in Shields
  9804 | D:10     | Entered Level 10 of the Dungeon
  9806 | D:10     | Found Wawit's General Store.
  9815 | D:10     | Found Kiss's Magic Scroll Boutique.
  9828 | D:10     | Bought a scroll of noise for 12 gold pieces
  9828 | D:10     | Bought a scroll of blinking for 90 gold pieces
  9853 | D:10     | Found Vabuss's Food Shoppe.
  9959 | D:10     | Reached XP level 11. HP: 90/93 MP: 10/10
 10239 | D:10     | Found Pounu's Book Boutique.
 10456 | D:10     | Found Huridool's Antique Armour Shop.
 10573 | D:11     | Received a gift from Okawaru
 10634 | D:11     | Found a staircase to the Orcish Mines.
 10634 | D:11     | Found Vetan's Weapon Emporium.
 10887 | D:11     | Found a sacrificial altar of Ru.
 10930 | D:11     | Found a portal to a secret trove of treasure.
 11062 | D:11     | Reached skill level 1 in Invocations
 11358 | D:11     | Noticed a white ugly thing
 11375 | D:11     | Killed a white ugly thing
 11832 | Lair:1   | Entered Level 1 of the Lair of Beasts
 11911 | Lair:1   | Reached skill level 5 in Dodging
 11911 | Lair:1   | Reached skill level 12 in Shields
 11992 | Lair:1   | Noticed a seven-headed hydra
 12002 | Lair:1   | Killed a seven-headed hydra
 12112 | Lair:1   | You fall into a shaft and drop 1 floor!
 12286 | Lair:2   | Received a gift from Okawaru
 12286 | Lair:2   | Reached skill level 10 in Armour
 12705 | Lair:1   | Got an iridescent battleaxe
 13310 | Lair:2   | Found a staircase to the Snake Pit.
 13331 | Lair:2   | Found the +8 autumn katana {vorpal, Clar}
 13460 | Lair:2   | Found a shadowy altar of Dithmenos.
 13462 | Lair:2   | Reached XP level 12. HP: 102/102 MP: 11/11
 13654 | Lair:3   | Reached skill level 13 in Shields
 14088 | Lair:3   | Found a staircase to the Shoals.
 14117 | Lair:3   | Reached ****** piety under Okawaru
 14117 | Lair:3   | Received a gift from Okawaru
 14128 | Lair:3   | Noticed a six-headed hydra
 14144 | Lair:3   | Killed a six-headed hydra
 15011 | D:12     | Found a frozen archway.
 15018 | D:12     | Reached skill level 14 in Shields
 15019 | D:12     | Paralysed by a hornet for 1 turns
 15078 | IceCv    | Entered an ice cave
 16006 | IceCv    | Noticed a reaper
 16026 | IceCv    | Killed a reaper
 16026 | IceCv    | Reached skill level 10 in Fighting
 16597 | D:12     | Noticed a two-headed ogre
 16601 | D:12     | Killed a two-headed ogre
 16601 | D:12     | Reached XP level 13. HP: 113/113 MP: 13/13
 16776 | D:12     | Received a gift from Okawaru
 17146 | D:8      | Killed infcreate's ghost
 17242 | D:10     | Bought a scroll of identify for 24 gold pieces
 17298 | Orc:1    | Entered Level 1 of the Orcish Mines
 17298 | Orc:1    | Noticed Nergalle
 17312 | Orc:1    | Killed Nergalle
 17705 | D:11     | Reached skill level 15 in Shields
 17828 | Orc:1    | Noticed an orc warlord
 17857 | Orc:1    | Killed an orc warlord
 17953 | Orc:1    | Found Mott's Assorted Antiques.
 18259 | Orc:2    | Entered Level 2 of the Orcish Mines
 18343 | Orc:2    | Found a staircase to the Elven Halls.
 18406 | Orc:2    | Found an iron altar of Okawaru.
 18671 | Orc:2    | Noticed an orc warlord
 18769 | Orc:1    | Killed an orc warlord
 18769 | Orc:1    | Received a gift from Okawaru
 19072 | Orc:2    | Reached skill level 15 in Long Blades
 19156 | Orc:2    | Found a roughly hewn altar of Beogh.
 19216 | Orc:2    | Reached XP level 14. HP: 125/125 MP: 14/14
 19296 | Orc:2    | Found Loatoyc's Antique Armour Boutique.
 19297 | Orc:2    | Found Ehuu's Antique Weapon Boutique.
 19299 | Orc:2    | Found Upnim's General Store.
 19299 | Orc:2    | Found Kuireudwiyq's Book Shop.
 19304 | Orc:2    | Bought a scroll of immolation for 38 gold pieces
 19304 | Orc:2    | Bought a potion of might for 44 gold pieces
 19316 | Orc:2    | Bought a pair of runed boots for 210 gold pieces
 19337 | Orc:2    | Bought a glowing kite shield for 210 gold pieces
 19706 | D:13     | Reached skill level 16 in Shields
 19859 | D:13     | Received a gift from Okawaru
 19869 | D:13     | Got a fine plate armour {god gift}
 19880 | D:13     | Identified the +9 plate armour of Duck's Teeth {*Drain
                  | Dex+9} (Okawaru gifted it to you on level 13 of the
                  | Dungeon)
 20519 | D:13     | You fall into a shaft and drop 2 floors!
 20519 | D:15     | Entered Level 15 of the Dungeon
 20843 | D:14     | Reached skill level 17 in Shields
 20909 | D:14     | Found a white marble altar of Elyvilon.
 21033 | D:14     | Received a gift from Okawaru
 21515 | D:14     | Found a gate to the Vaults.
 22698 | Lair:3   | Reached XP level 15. HP: 99/136 MP: 13/15
 22781 | Lair:4   | Reached skill level 1 in Polearms
 22893 | Lair:4   | Received a gift from Okawaru
 24297 | Lair:5   | Found a runed translucent door.
 24301 | Lair:5   | Found a viscous altar of Jiyva.
 24517 | Lair:5   | Found a staircase to the Slime Pits.
 24941 | Lair:6   | Entered Level 6 of the Lair of Beasts
 25052 | Lair:6   | Reached skill level 1 in Evocations
 25321 | Lair:6   | Reached skill level 18 in Shields
 25323 | Lair:6   | Received a gift from Okawaru
 25840 | Lair:6   | Got a fine scimitar
 25841 | Lair:6   | Identified the +12 scimitar "Qioral" {flame, Str+7} (You
                  | found it on level 6 of the Lair of Beasts)
 26145 | Lair:6   | Noticed Nessos
 26158 | Lair:6   | Killed Nessos
 26158 | Lair:6   | Received a gift from Okawaru
 26706 | D:15     | Found a burning altar of Makhleb.
 26752 | D:15     | Noticed Rupert
 26764 | D:15     | Killed Rupert
 27110 | D:15     | Found a staircase to the Depths.
 27110 | D:15     | Noticed a frost giant
 27117 | D:15     | Killed a frost giant
 28298 | Shoals:1 | Entered Level 1 of the Shoals
 28873 | Shoals:2 | Noticed Ilsuiw
 28873 | Shoals:2 | Noticed Nikola
 28885 | Shoals:1 | Killed Ilsuiw
 28885 | Shoals:1 | Reached skill level 19 in Shields
 28976 | Shoals:1 | Killed Nikola
 28976 | Shoals:1 | Received a gift from Okawaru
 28976 | Shoals:1 | Reached XP level 16. HP: 106/147 MP: 16/16
 29173 | Shoals:2 | Noticed a kraken
 29212 | Shoals:2 | Killed a kraken
 29240 | Shoals:2 | Noticed a kraken
 29252 | Shoals:2 | Killed a kraken
 30106 | Shoals:3 | Reached skill level 15 in Fighting
 30234 | Shoals:3 | Noticed a kraken
 30252 | Shoals:3 | Killed a kraken
 30449 | Shoals:3 | Found a runed translucent gate.
 30449 | Shoals:3 | Found a runed translucent gate.
 30449 | Shoals:3 | Found a runed translucent gate.
 30451 | Shoals:3 | Noticed fearitself's ghost (adept MiBe)
 30451 | Shoals:3 | Noticed KappaVara's ghost (adept DsFi)
 30452 | Shoals:3 | Noticed Angmar's ghost (adept DrTm)
 30452 | Shoals:3 | Noticed Iqoyno's ghost (adept GrFi)
 30453 | Shoals:3 | Noticed Cedruin's ghost (adept DrAr)
 30570 | Shoals:3 | Received a gift from Okawaru
 30725 | Shoals:3 | HP: 6/149 [wind drake/the air (17)]
 30776 | Shoals:3 | Reached skill level 20 in Shields
 31189 | Shoals:3 | Got a slimy hand crossbow {god gift}
 31190 | Shoals:3 | Identified the +10 hand crossbow of Okawaru {venom, Str+3
                  | Int+6} (Okawaru gifted it to you on level 3 of the Shoals)
 31408 | Shoals:3 | HP: 4/149 [water nymph/the raging water (8)]
 31409 | Shoals:3 | Killed from afar by a water nymph

Illustrated notes

Levels and vault maps discovered:
D:1:      dpeg_arrival_erosion, layout_basic
D:2:      layout_loops_ring, kennysheep_generic_room_8
D:3:      layout_loops_corners, first_ration, patterned_corridor,
          uniq_crazy_yiuf_cottage
D:4:      layout_basic, nicolae_overflow_hidden_temple,
          minmay_temple_entry_sparse_star, uniq_eustachio, uniq_edmund,
          uniq_natasha
D:5:      layout_gridville
D:6:      layout_basic, minmay_misc_feat_cross
D:7:      layout_basic, serial_undead, serial_undead_e, serial_undead_c,
          serial_undead_d, serial_undead_b, hangedman_misty_isle, uniq_harold
D:8:      layout_basic, gammafunk_ghost_ooze, serial_rivers,
          chequers_serial_rivers_micro_c, chequers_serial_rivers_small_b,
          chequers_serial_rivers_micro_a, chequers_serial_rivers_room_a,
          uniq_prince_ribbit1
D:9:      layout_loops_ring, minmay_lair_entry_grove, blue_anna_alchemist
          [blue_anna_fruit_fields, blue_anna_fruit_fields], uniq_erolcha
D:10:     layout_gridville, serial_shops, shop, nicolae_shop_crystal,
          kennysheep_mini, nicolae_shop_trees, shop_scrolls
D:11:     layout_loops_corners, orc_david_3, nicolae_trove_entry_crystal,
          hangedman_ru_absence
D:12:     layout_cave_pools, portal_ice_cave_rime
D:13:     layout_irregular_city
D:14:     layout_loops_ring, david_vaults_5, elyvilon_altar_3, minmay_circle_x
D:15:     grunt_enter_depths_snipers, layout_loops_cross,
          hangedman_decor_riveting, makhleb_altar_promises_db, uniq_rupert
Temple:   eino_narrow_crystal_temple
Lair:1:   layout_regular_city
Lair:2:   layout_big_grid, dummy_snake_entry, basic_altar, serial_bayou_shore_b
Lair:3:   layout_big_grid, shoals_dummy_entry, kennysheep_rathole,
          minmay_lair_oklob_chamber
Lair:4:   layout_cave_pods, grunt_megastairs_5
Lair:5:   layout_regular_city, slime_altar_2, chequers_serial_rivers_small_a,
          grunt_megastairs_4
Lair:6:   minmay_lair_end_enchanted_forest, layout_layer_cave, special_room
          [special_room_bee], uniq_nessos
Shoals:1: layout_shoals
Shoals:2: layout_shoals, uniq_ilsuiw, uniq_nikola
Shoals:3: cheibrodos_shoals_three_sisters, layout_shoals,
          gammafunk_ghost_cemetery
Orc:1:    layout_diamond_mine, serial_shops, shop, mines5_lemuel, uniq_nergalle
Orc:2:    st_orc_congregation, layout_caves, basic_altar,
          okawaru_metal_pillars_1_2

Skill      XL: |  1  2  3  4  5  6  7  8  9 10 11 12 13 14 15 16 |
---------------+-------------------------------------------------+-----
Shields        | 4 5 6 7 9 11 12 14 15 17 19 20 | 20.2
Armour         | 4 5 6 7 8 9 10 11 12 13 14 | 14.5
Fighting       | 4 5 6 8 10 11 13 14 15 | 15.4
Short Blades   | 1 2 3 |  3.4
Dodging        | 1 2 3 4 5 6 7 |  7.1
Long Blades    | 4 7 9 11 12 14 15 16 17 | 17.6
Stealth        | 1 2 |  2.5
Invocations    | 1 |  1.8
Polearms       | 2 |  2.1
Evocations     | 1 |  1.2

Action                   |  1- 3 |  4- 6 |  7- 9 | 10-12 | 13-15 | 16-18 || total
-------------------------+-------+-------+-------+-------+-------+-------++-------
Melee: Long sword        |    16 |    13 |   354 |   706 |       |       ||  1089
       Short sword       |    50 |    98 |       |       |       |       ||   148
       Headbutt          |     6 |    17 |    75 |   222 |   375 |    78 ||   773
       Spear             |       |     3 |       |    11 |    14 |       ||    28
       Katana            |       |       |       |   249 |  1107 |       ||  1356
       Scimitar          |       |       |       |       |   107 |   290 ||   397
 Fire: Hand crossbow     |       |       |       |       |       |     7 ||     7
Invok: Heroism           |       |       |     1 |     6 |     5 |     1 ||    13
       Finesse           |       |       |       |     1 |       |       ||     1
Evoke: Wand              |       |       |       |     6 |     6 |       ||    12
  Use: Potion            |     2 |     1 |     2 |     1 |     1 |    11 ||    18
       Scroll            |       |     5 |     7 |     9 |     3 |    10 ||    34
 Stab: Distracted        |       |       |       |       |     1 |       ||     1
  Eat: Chunk             |     1 |    10 |    12 |    23 |    26 |     5 ||    77
       Ration            |       |       |       |     2 |     4 |     1 ||     7
Armor: Scale mail        |    31 |    28 |    45 |       |       |       ||   104
       Skin              |       |     6 |       |       |       |       ||     6
       Fire dragon scale |       |       |    31 |       |       |       ||    31
       Chain mail        |       |       |    88 |   365 |   125 |       ||   578
       Plate armour      |       |       |       |       |   248 |   127 ||   375
       Acid dragon scale |       |       |       |       |     9 |       ||     9
Dodge: Dodged            |    26 |    46 |   153 |   339 |   410 |   114 ||  1088
Block: Kite shield       |    42 |    56 |   252 |   648 |  1022 |   313 ||  2333
       Reflection        |       |       |       |       |    19 |    27 ||    46
       Rpst.: Long sword |     1 |     1 |    47 |    64 |       |       ||   113
       Katana            |       |       |       |    29 |    83 |       ||   112
       Scimitar          |       |       |       |       |    15 |    30 ||    45
